 Dungeon Crawl Stone Soup version 0.29-a0-1027-gcd8c55af63 (webtiles) character file.

Game seed: 12292626523365402901

84 xian the Shooter (level 4, -13/26 HPs)
             Began as a Deep Elf Hunter on Aug 13, 2022.
             Killed by divine providence
             ... invoked by an orc priest
              (16 damage)
             ... on level 2 of the Dungeon.
             The game lasted 00:03:25 (2039 turns).

xian the Shooter (Deep Elf Hunter)                  Turns: 2039, Time: 00:03:26

Health: -13/26     AC: 11    Str:  8    XL:     4   Next: 23%
Magic:  6/6        EV: 12    Int: 14    God:
Gold:   132        SH:  0    Dex: 20    Spells: 3/3 levels left

rFire   x . .      SeeInvis .   d - +1 dagger (protect)
rCold   + . .      Faith    .   (no shield)
rNeg    . . .      Spirit   .   c - +0 leather armour
rPois   .          Reflect  .   (no helmet)
rElec   .          Harm     .   e - +0 cloak
rCorr   .          Rampage  .   (no gloves)
Will    .....                   (no boots)
Stlth   ++........              (no amulet)
HPRegen 0.08/turn               q - ring of ice
MPRegen 0.10/turn               (no ring)

@: under a protective aura
A: no striking features
a: no special abilities


You were on level 2 of the Dungeon.
You visited 1 branch of the dungeon, and saw 2 of its levels.

You collected 132 gold pieces.

Inventory:

Hand Weapons
 a - a +0 shortbow
 d - a +1 dagger of protection (weapon)
Missiles
 m - 4 atropa-tipped darts
Armour
 c - a +0 leather armour (worn)
 e - a +0 cloak (worn)
Jewellery
 q - a ring of ice (left hand)
Scrolls
 b - 2 scrolls of immolation
 g - a scroll of blinking
 h - a scroll of silence {unknown}
 i - 2 scrolls of teleportation
 j - a scroll of magic mapping {unknown}
 k - a scroll of enchant weapon {unknown}
 n - a scroll of fear {unknown}
 o - a scroll of vulnerability {unknown}
Potions
 f - a potion of attraction {unknown}
 p - a potion of ambrosia


   Skills:
 + Level 2.0 Fighting
 + Level 6.8 Ranged Weapons
 + Level 0.9 Armour
 + Level 2.6 Dodging
 + Level 2.0 Stealth


You had 3 spell levels left.
You didn't know any spells.
Your spell library contained the following spells:

 Spells                   Type           Power      Damage    Failure   Level
 Sandblast                Erth           0%         2d4       38%         1
 Passwall                 Tmut/Erth      0%         N/A       52%         2
 Stone Arrow              Conj/Erth      0%         3d7       77%         3
 Alistair's Intoxication  Tmut/Pois      0%         N/A       100%        5
 Borgnjor's Vile Clutch   Necr/Erth      0%         N/A       100%        5
 Eringya's Noxious Bog    Tmut/Pois      0%         N/A       100%        6


Dungeon Overview and Level Annotations

Branches:
Dungeon (2/15)

Altars:


Message History

The orc misses you.
It was a potion of ambrosia.
You are confused.
You feel invigorated.
The orc priest hits you with a +0 falchion.
* * * LOW HITPOINT WARNING * * *
The orc hits you but does no damage.
You hit the orc priest but do no damage.
The orc priest is lightly wounded.
The orc priest hits you with a +0 falchion.
* * * LOW HITPOINT WARNING * * *
The orc hits you but does no damage.
You hit the orc priest.
The orc priest is moderately wounded.
The orc priest hits you but does no damage.
The orc hits you with a +0 hand axe.
* * * LOW HITPOINT WARNING * * *
You bump into the rock wall.
The orc priest begins to cast a cantrip, but forgets the words!
The orc hits you with a +0 hand axe.
* * * LOW HITPOINT WARNING * * *
You barely miss the orc priest.
The orc priest is moderately wounded.
The orc hits you with a +0 hand axe.
The orc priest hits you with a +0 falchion.
* * * LOW HITPOINT WARNING * * *
You feel better.
You feel less invigorated.
The orc priest hits you with a +0 falchion.
The orc closely misses you.
You hit the orc priest.
The orc priest is moderately wounded.
The orc priest hits you with a +0 falchion.
* * * LOW HITPOINT WARNING * * *
The orc misses you.
You hit the orc priest.
The orc priest is heavily wounded.
The orc priest calls down the wrath of Beogh upon you.
Beogh smites you!
Ouch! That really hurt!
You die...

#.# ##.## ..).# #
... #....
...##.#.####.#
#.....oo.)..# #@#
#.# #.# #.# #.#
####.####
##.......##########
#.................#
#######
#..#...#.########.#


You could see an orc priest and an orc.

Vanquished Creatures
  An orc wizard (D:2)
  An adder (D:2)
  2 dart slugs (D:1)
  2 orcs (D:2)
  3 bats (D:1)
  4 endoplasms
  5 goblins (D:1)
  4 hobgoblins
  4 jackals (D:1)
  3 quokkas
  2 ball pythons (D:1)
  A frilled lizard (D:2)
  7 kobolds
  2 rats (D:1)
41 creatures vanquished.

Notes
Turn   | Place    | Note
-------+----------+-------------------------------------------
     0 | D:1      | xian the Deep Elf Hunter began the quest for the Orb.
     0 | D:1      | Reached XP level 1. HP: 12/12 MP: 3/3
   225 | D:1      | Reached XP level 2. HP: 7/17 MP: 4/4
   568 | D:1      | Reached skill level 6 in Ranged Weapons
   612 | D:1      | Found a faded altar of an unknown god.
  1094 | D:1      | Reached XP level 3. HP: 21/21 MP: 5/5
  2030 | D:2      | Reached XP level 4. HP: 10/26 MP: 6/6
  2039 | D:2      | Killed from afar by an orc priest

Illustrated notes

Levels and vault maps discovered:
D:1:      dpeg_arrival_long_road, layout_basic,
          ebering_ecumenical_altar_petrified, minmay_pentomino_t4
D:2:      layout_loops_corners, uniq_crazy_yiuf_cottage

Skill      XL: |  1  2  3 |
---------------+----------+-----
Ranged Weapons | 6 |  6.8
Fighting       | 2 |  2.0
Stealth        | 2 |  2.0
Armour         | |  0.9
Dodging        | |  2.6

Action                   |  1- 3 |  4- 6 || total
-------------------------+-------+-------++-------
Melee: Dagger            |     5 |     7 ||    12
 Fire: Shortbow          |   100 |       ||   100
  Use: Scroll            |     3 |       ||     3
       Potion            |     1 |     2 ||     3
Armor: Leather armour    |    13 |     3 ||    16
Dodge: Dodged            |    23 |     5 ||    28

Table legend: (Time is in decaauts)
 A = Elapsed time spent in this place.
 B = Non-inter-level travel time spent in this place.
 C = Inter-level travel time spent in this place.
 D = Time resting spent in this place.
 E = Time spent auto-exploring this place.
 F = Levels seen in this place.
 G = Mean time per level.
                   A        B        C        D        E       F      G
               +--------+--------+--------+--------+--------+-----+--------+
         Total |   2062 |   2029 |     33 |    279 |   1489 |   2 | 1031.0 |
       Dungeon |   2062 |   2029 |     33 |    279 |   1489 |   2 | 1031.0 |
               +--------+--------+--------+--------+--------+-----+--------+

Top non-repeatable levels by time:
     D:1: 1408 daAuts
     D:2: 654 daAuts
